[Event "Titled Tuesday Blitz January 31 Early 2023"]
[White "Manon-og, Ramon Jr."]
[Black "Kosakowski, Jakub"]
[WhiteFideId "5200776"]
[BlackFideId "1185080"]
[WhiteElo "1999"]
[BlackElo "2485"]
[Result "0-1"]
[Round "09"]
[TimeControl "180+2"]
[Date "2023.01.31"]
[WhiteClock "0:00:03"]
[BlackClock "0:00:37"]

1. e4 c5 2. Nf3 d6 3. Bb5+ Bd7 4. Bxd7+ Nxd7 5. c4 Ngf6 6. Nc3 e6 7. O-O Be7 8. d4 cxd4 9. Qxd4 O-O 10. b3 Qa5 11. Bb2 Rfc8 12. h3 a6 13. a4 Nc5 14. Nd2 Nh5 15. g3 Nf6 16. Na2 Qb6 17. a5 Qc6 18. Nb4 Qc7 19. Nd3 Nxd3 20. Qxd3 Nd7 21. Nf3 Nc5 22. Qc2 Qc6 23. Rfe1 b5 24. h4 bxc4 25. Qxc4 Qb7 26. Re3 Rab8 27. Nd2 Qa8 28. h5 Nxb3 29. Qxb3 Rxb3 30. Rxb3 h6 31. Rb1 Qc6 32. Rc1 Qd7 33. Rb1 d5 34. Rb6 dxe4 35. Nxe4 Qd3 36. Re1 Rc4 37. Rb8+ Kh7 38. Re3 Qd1+ 39. Kg2 Qd5 40. f3 Rc2+ 41. Nf2 Bc5 42. Bd4 Qxd4 43. Rbb3 Qxe3 44. Rxe3 Bxe3 45. g4 Bxf2 0-1


[Site "https://www.chess.com"]

[Event "Titled Tuesday Blitz January 31 Early 2023"]
[White "Kleiman, Jake"]
[Black "Rakhmatullaev, Almas"]
[WhiteFideId "2020041"]
[BlackFideId "14205793"]
[WhiteElo "2399"]
[BlackElo "2275"]
[Result "0-1"]
[Round "09"]
[TimeControl "180+2"]
[Date "2023.01.31"]
[WhiteClock "0:01:06"]
[BlackClock "0:01:36"]

1. Nf3 Nf6 2. g3 g6 3. Bg2 Bg7 4. O-O O-O 5. d3 b6 6. e4 Bb7 7. a4 a6 8. Re1 d6 9. Nbd2 Nbd7 10. Nc4 e5 11. c3 Re8 12. b4 h6 13. Ne3 d5 14. exd5 Nxd5 15. Nxd5 Bxd5 16. Nd2 Bxg2 17. Kxg2 f5 18. Qb3+ Kh7 19. Bb2 Nf6 20. Nf1 Qd7 21. Rad1 Qc6+ 22. Kg1 Rad8 23. c4 e4 24. d4 b5 25. cxb5 axb5 26. a5 Qd5 27. Qc2 f4 28. Qxc7 f3 29. Ne3 Qh5 30. d5 Rd7 31. Qc6 Ng4 32. Qxd7 Qxh2+ 0-1


[Site "https://www.chess.com"]

[Event "Titled Tuesday Blitz January 31 Early 2023"]
[White "Kochetov, Andrey"]
[Black "Koellner, Ruben Gideon"]
[WhiteFideId "24130532"]
[BlackFideId "12993093"]
[WhiteElo "2165"]
[BlackElo "2426"]
[Result "1-0"]
[Round "09"]
[TimeControl "180+2"]
[Date "2023.01.31"]
[WhiteClock "0:00:04"]
[BlackClock "0:00:01"]

1. e4 d6 2. d4 Nf6 3. Bd3 e5 4. c3 Nbd7 5. f4 d5 6. fxe5 Nxe4 7. Nf3 Be7 8. O-O O-O 9. Nbd2 f5 10. exf6 Ndxf6 11. Ne5 Bd6 12. Ndf3 c6 13. Be3 Ng4 14. Nxg4 Bxg4 15. Bxe4 dxe4 16. Qb3+ Kh8 17. Ng5 h6 18. Nf7+ Rxf7 19. Rxf7 Qh4 20. Bf4 Bxf4 21. Rxf4 Qg5 22. Qxb7 Qxf4 23. Qxa8+ Kh7 24. Qxc6 Qe3+ 25. Kh1 Qf4 26. Re1 e3 27. Qc4 Qf2 28. Qf1 Qd2 29. h3 Bh5 30. Qg1 e2 31. Qf2 Qxb2 32. d5 Qd2 33. g4 Bg6 34. Qxe2 Qxd5+ 35. Kh2 Qc5 36. Qe3 Qc4 37. h4 Qxa2+ 38. Re2 Qc4 39. h5 Bd3 40. Rd2 Be4 41. Rd4 Qa2+ 42. Qd2 Qe6 43. Qf4 Bc2 44. Rd2 1-0


[Site "https://www.chess.com"]

[Event "Titled Tuesday Blitz January 31 Early 2023"]
[White "Souleidis, Georgios"]
[Black "Bochnicka, Vladimir"]
[WhiteFideId "4206827"]
[BlackFideId "14943450"]
[WhiteElo "2419"]
[BlackElo "2327"]
[Result "0-1"]
[Round "09"]
[TimeControl "180+2"]
[Date "2023.01.31"]
[WhiteClock "0:00:10"]
[BlackClock "0:00:04"]

1. e4 c5 2. Nf3 Nc6 3. Bc4 e6 4. O-O Nge7 5. Re1 Ng6 6. c3 Be7 7. d4 cxd4 8. cxd4 d5 9. exd5 exd5 10. Bb3 O-O 11. Nc3 Be6 12. Be3 Rc8 13. Nd2 Bf6 14. Nf1 Nge7 15. Ng3 g6 16. Qe2 Nxd4 17. Bxd4 Bxd4 18. Nb5 Qb6 19. Nxd4 Qxd4 20. Rad1 Qf6 21. Qe3 Nf5 22. Nxf5 Bxf5 23. Qxa7 Qxb2 24. Bxd5 Rc2 25. Rb1 Qc3 26. Qxb7 Qd4 27. Rf1 Rd2 0-1


[Site "https://www.chess.com"]

[Event "Titled Tuesday Blitz January 31 Early 2023"]
[White "Leiva, Gianmarco"]
[Black "Bouget, Alexandre"]
[WhiteFideId "3804399"]
[BlackFideId "681318"]
[WhiteElo "2392"]
[BlackElo "2267"]
[Result "1-0"]
[Round "09"]
[TimeControl "180+2"]
[Date "2023.01.31"]
[WhiteClock "0:00:29"]
[BlackClock "0:00:31"]

1. d4 c6 2. Bf4 f6 3. e3 d6 4. Nf3 e5 5. dxe5 fxe5 6. Bg3 Nf6 7. c4 Bg4 8. h3 Be6 9. Nc3 Be7 10. Be2 O-O 11. O-O Kh8 12. Qc2 Nbd7 13. Rad1 Qe8 14. Ng5 Bg8 15. Nge4 Nxe4 16. Nxe4 d5 17. cxd5 cxd5 18. Nc3 Rc8 19. Qa4 Rc5 20. Bb5 Be6 21. Nxd5 Bxd5 22. Bxd7 Qg6 23. b4 Qe4 24. f3 Qg6 25. bxc5 Qxg3 26. Rxd5 Bg5 27. Qg4 Bxe3+ 28. Kh1 1-0


[Site "https://www.chess.com"]

[Event "Titled Tuesday Blitz January 31 Early 2023"]
[White "Vagman, Roy"]
[Black "Florescu, Codrut-Constantin"]
[WhiteFideId "2828995"]
[BlackFideId "1202200"]
[WhiteElo "2273"]
[BlackElo "2259"]
[Result "1-0"]
[Round "09"]
[TimeControl "180+2"]
[Date "2023.01.31"]
[WhiteClock "0:00:10"]
[BlackClock "0:00:28"]

1. Nf3 d5 2. e3 Nf6 3. Be2 e6 4. b3 b6 5. Bb2 Bb7 6. O-O Bd6 7. d4 Ne4 8. c4 O-O 9. Na3 a6 10. Nc2 f5 11. Ne5 Nd7 12. f4 Nxe5 13. fxe5 Be7 14. Bd3 Bg5 15. Bxe4 dxe4 16. g3 Qd7 17. Qd2 Rad8 18. Rad1 Rf7 19. Qf2 Qe8 20. Rd2 Rfd7 21. d5 g6 22. h4 Bh6 23. d6 cxd6 24. exd6 Rxd6 25. Rfd1 Rd3 26. Nb4 Rxd2 27. Rxd2 a5 28. Nc2 Rd3 29. Bd4 e5 30. Bxb6 a4 31. Nb4 Rd7 32. bxa4 Qe6 33. c5 f4 34. gxf4 exf4 35. Rxd7 Qxd7 36. exf4 Qg4+ 37. Kf1 Bxf4 38. c6 Qh3+ 39. Qg2 Qxg2+ 40. Kxg2 Bc8 41. a5 Bd2 42. a6 e3 43. a7 e2 44. a8=Q e1=Q 45. Qxc8+ Kf7 46. Qd7+ Kf6 47. Nd5+ Ke5 48. Bc7+ Ke4 49. Nf6+ Ke3 50. Qe6+ Kd3 51. Qd5+ Kc2 52. Qe4+ Qxe4+ 53. Nxe4 Bb4 54. Bd6 Ba5 55. c7 Bxc7 56. Bxc7 Kd3 57. Nc5+ Kc4 58. Bd6 h6 59. Bf8 g5 60. h5 g4 61. Bxh6 Kxc5 62. Kg3 Kd5 63. Kxg4 Ke6 64. Kg5 Kf7 65. a4 Ke6 66. a5 1-0


[Site "https://www.chess.com"]

[Event "Titled Tuesday Blitz January 31 Early 2023"]
[White "Turzo, Attila"]
[Black "Kononenko, Dmitry"]
[WhiteFideId "704954"]
[BlackFideId "14113538"]
[WhiteElo "2279"]
[BlackElo "2256"]
[Result "1/2-1/2"]
[Round "09"]
[TimeControl "180+2"]
[Date "2023.01.31"]
[WhiteClock "0:00:09"]
[BlackClock "0:00:09"]

1. d4 Nf6 2. c4 c5 3. d5 b5 4. cxb5 a6 5. bxa6 g6 6. Nc3 Bg7 7. e4 O-O 8. Bc4 Bxa6 9. Bxa6 Nxa6 10. Nf3 d6 11. O-O Nc7 12. a4 Qb8 13. Ra3 Qb4 14. Qc2 Rfb8 15. Nd2 Nd7 16. Rb3 Qa5 17. Nc4 Qa6 18. Rxb8+ Rxb8 19. b3 Qb7 20. Nd2 Qb4 21. Bb2 c4 22. Nxc4 Qxb3 23. Qxb3 Rxb3 24. Nd1 Nc5 25. Bxg7 Kxg7 26. f3 Nxa4 27. Nde3 Nc5 28. Ra1 Nb5 29. Kf2 Nd3+ 30. Ke2 h5 31. h4 Kf6 32. Kf1 Nd4 33. Rd1 Nb5 34. Nd2 Rb4 35. Ndc4 Ne5 36. Nxe5 Kxe5 37. g3 Kf6 38. Rd2 Nc3 39. Kf2 Rb1 40. Rc2 Nb5 41. Rd2 Rb4 42. Rc2 Nd4 43. Rd2 Ra4 44. Kg2 Nb3 45. Rb2 Nc5 46. Rc2 Ra3 47. Nc4 Ra1 48. Ne3 Rb1 49. Nc4 Ra1 50. Ne3 Ke5 51. Nc4+ Kd4 52. Nb2 Ra2 53. Rf2 Nd3 54. Nxd3 Ra3 55. Nf4 Ke5 56. Ne2 Ra8 57. Ng1 Ra4 58. Re2 Kd4 59. f4 Kd3 60. Kf2 Rxe4 61. Rxe4 Kxe4 62. Nf3 Kxd5 63. Ke3 Ke6 64. Ke4 d5+ 65. Kd4 Kf5 66. Ne5 Ke6 67. Ke3 Kf6 68. Kf3 e6 69. Nc6 Kf5 70. Nd4+ Kf6 71. Ke3 Ke7 72. Kd3 Kd6 73. Nc2 f6 74. Kd4 e5+ 75. fxe5+ fxe5+ 76. Ke3 Ke6 77. Ne1 Kf5 78. Kf3 e4+ 79. Kf2 d4 80. Nc2 Ke5 81. Nb4 d3 82. Ke3 Kf5 83. Nd5 Kg4 84. Nc3 Kxg3 85. Nxe4+ Kxh4 86. Kxd3 g5 87. Ke2 g4 88. Kf2 Kh3 89. Kg1 h4 90. Nf2+ Kg3 91. Nxg4 Kxg4 92. Kg2 h3+ 93. Kh2 Kf3 94. Kxh3 1/2-1/2


[Site "https://www.chess.com"]

[Event "Titled Tuesday Blitz January 31 Early 2023"]
[White "Odegov, Artem"]
[Black "Zong, Davis"]
[WhiteFideId "34183644"]
[BlackFideId "30903955"]
[WhiteElo "2261"]
[BlackElo "2151"]
[Result "1-0"]
[Round "09"]
[TimeControl "180+2"]
[Date "2023.01.31"]
[WhiteClock "0:01:15"]
[BlackClock "0:00:02"]

1. d4 d5 2. c4 c6 3. Nc3 Nf6 4. Nf3 e6 5. Bg5 dxc4 6. e4 b5 7. e5 h6 8. Bh4 g5 9. Nxg5 hxg5 10. Bxg5 Nbd7 11. g3 b4 12. Ne4 Be7 13. exf6 Nxf6 14. Bxf6 Bxf6 15. Bxc4 Qxd4 16. Qe2 Qxb2 17. Nxf6+ Qxf6 18. O-O c5 19. Rad1 Bb7 20. Bd5 Bxd5 21. Rxd5 Kf8 22. Rxc5 Qd4 23. Rc7 Qd6 24. Rb7 Qc6 25. Rxb4 Ke7 26. Rc4 Qd5 27. Rc7+ Kf8 28. Rd1 Qh5 29. Qxh5 Rxh5 30. Rdd7 Ra5 31. Rxf7+ Kg8 32. Rg7+ Kh8 33. Rge7 Rxa2 34. h4 a5 35. h5 1-0


[Site "https://www.chess.com"]

[Event "Titled Tuesday Blitz January 31 Early 2023"]
[White "Kopczynski, Michal"]
[Black "Bruned, Yvain"]
[WhiteFideId "1124200"]
[BlackFideId "2250292"]
[WhiteElo "2225"]
[BlackElo "2286"]
[Result "1/2-1/2"]
[Round "09"]
[TimeControl "180+2"]
[Date "2023.01.31"]
[WhiteClock "0:00:54"]
[BlackClock "0:01:20"]

1. e4 b6 2. d4 Bb7 3. Nc3 e6 4. f3 Bb4 5. Bf4 d5 6. e5 c5 7. a3 Bxc3+ 8. bxc3 Nc6 9. Bd3 h6 10. Be3 c4 11. Be2 Nge7 12. g4 h5 13. Qd2 Qd7 14. O-O-O O-O-O 15. g5 g6 16. Nh3 Kb8 17. Nf2 Na5 18. Kb2 Qa4 19. Ka2 Ka8 20. Rb1 Qd7 21. Rb2 Nf5 22. Rhb1 Bc6 23. Bf1 Rb8 24. Bh3 Ne7 25. Nh1 Qc7 26. Ng3 Rh7 27. f4 Nf5 28. Bxf5 exf5 29. Bf2 Bd7 30. Nf1 Be6 31. Ne3 Rhh8 32. Rb5 Rhd8 33. Qe2 Qc6 34. Qf3 a6 35. R5b4 Ka7 36. Be1 Rb7 37. Bd2 Rdd7 38. Bc1 Rd8 39. a4 Rdd7 40. Ba3 Rd8 41. Qd1 Rdd7 42. Qc1 Rd8 43. Qb2 Rdd7 44. Qc1 Ka8 45. Qb2 Ka7 46. Qc1 1/2-1/2


[Site "https://www.chess.com"]

[Event "Titled Tuesday Blitz January 31 Early 2023"]
[White "Delorme, Axel"]
[Black "Martynov, Pavel"]
[WhiteFideId "632023"]
[BlackFideId "4101260"]
[WhiteElo "2483"]
[BlackElo "2414"]
[Result "1/2-1/2"]
[Round "09"]
[TimeControl "180+2"]
[Date "2023.01.31"]
[WhiteClock "0:00:08"]
[BlackClock "0:00:03"]

1. e4 c5 2. Nf3 e6 3. b3 d5 4. Bb5+ Bd7 5. Bxd7+ Qxd7 6. exd5 Qxd5 7. O-O Nf6 8. Nc3 Qd8 9. d4 cxd4 10. Nxd4 Be7 11. Bb2 O-O 12. Nce2 a6 13. c4 Qc7 14. Ng3 Nbd7 15. Qe2 Rfe8 16. Rad1 Bf8 17. Nh5 Qa5 18. Nxf6+ Nxf6 19. Ba1 e5 20. Nf5 b5 21. Ne3 Qb4 22. Qd2 Ne4 23. Qxb4 Bxb4 24. Nd5 Ba5 25. b4 Bd8 26. c5 Nf6 27. Rfe1 a5 28. Nxf6+ Bxf6 29. a3 axb4 30. axb4 Ra4 31. Bxe5 Rxb4 32. Bd6 Rc8 33. c6 Rc4 34. c7 h5 35. Rb1 Rd4 36. Rxb5 Bd8 37. cxd8=Q+ Rxd8 38. Bg3 Rd1 39. Rb1 Rxb1 40. Rxb1 g5 41. h4 g4 42. Rb5 Rd1+ 43. Kh2 f6 44. Rxh5 Kf7 45. Rb5 Ra1 46. Bf4 Rb1 47. Be3 Rxb5 48. Kg3 f5 49. Kf4 Kg6 50. g3 Rb4+ 51. Ke5 Re4+ 52. Kd5 Re8 53. Kd4 Re7 54. Kd5 Re8 55. Kd4 Kf6 56. Bg5+ Ke6 57. Be3 Rd8+ 58. Kc3 Rd1 59. Kc2 Rd5 60. Kc3 Rd7 61. Kc2 Ke5 62. h5 Ke4 63. h6 Kf3 64. Kc3 Ke4 65. Kc2 Kf3 66. Kc3 Ke4 67. Kc2 1/2-1/2


[Site "https://www.chess.com"]

[Event "Titled Tuesday Blitz January 31 Early 2023"]
[White "Khamdamova, Afruza"]
[Black "Kim, Sergey"]
[WhiteFideId "14210444"]
[BlackFideId "13700570"]
[WhiteElo "2162"]
[BlackElo "2295"]
[Result "1-0"]
[Round "09"]
[TimeControl "180+2"]
[Date "2023.01.31"]
[WhiteClock "0:01:33"]
[BlackClock "0:01:05"]

1. e4 e5 2. Nf3 Nc6 3. Bb5 a6 4. Ba4 Nf6 5. O-O b5 6. Bb3 Bc5 7. c3 d6 8. d4 Bb6 9. a4 Bb7 10. Re1 h6 11. Be3 O-O 12. dxe5 Nxe5 13. Bxb6 cxb6 14. axb5 axb5 15. Rxa8 Bxa8 16. Nbd2 Nd3 17. Re3 Nxb2 18. Qc2 Na4 19. Bxa4 bxa4 20. Qxa4 Qc7 21. h3 Re8 22. Nd4 Bxe4 23. Nxe4 Rxe4 24. Rxe4 Nxe4 25. Qe8+ Kh7 26. Qxe4+ g6 27. Qf3 Kg7 28. g3 Qc5 29. Qc6 Qe5 30. Kg2 d5 31. Qxb6 Qe4+ 32. Nf3 h5 33. Qd4+ 1-0


[Site "https://www.chess.com"]

[Event "Titled Tuesday Blitz January 31 Early 2023"]
[White "Najdin, Danil"]
[Black "Rodriguez, Santiago"]
[WhiteFideId "4172426"]
[BlackFideId "3000591"]
[WhiteElo "2235"]
[BlackElo "2252"]
[Result "1-0"]
[Round "09"]
[TimeControl "180+2"]
[Date "2023.01.31"]
[WhiteClock "0:00:29"]
[BlackClock "0:00:25"]

1. e4 c5 2. Nf3 Nc6 3. Bb5 g6 4. Bxc6 bxc6 5. O-O Bg7 6. Re1 Nh6 7. c3 O-O 8. d4 cxd4 9. cxd4 d5 10. Bxh6 Bxh6 11. e5 Rb8 12. b3 Bg4 13. h3 Bxf3 14. Qxf3 Qb6 15. Qc3 f6 16. exf6 Rxf6 17. Na3 Rbf8 18. Re2 Qa6 19. Qb2 Bf4 20. Rae1 Bd6 21. Nc2 c5 22. Ne3 e6 23. Ng4 c4 24. bxc4 Rf4 25. Rxe6 h5 26. Rxg6+ Kh7 27. Rh6+ Kg7 28. Rxh5 Qxc4 29. Qb1 Re4 30. Qb7+ Rf7 31. Rh7+ Kxh7 32. Qxf7+ Kh8 33. Qf6+ Kh7 34. Qh6+ Kg8 35. Nf6+ 1-0


[Site "https://www.chess.com"]

[Event "Titled Tuesday Blitz January 31 Early 2023"]
[White "Kalogeris, Ioannis"]
[Black "Jimenez, Joaquin"]
[WhiteFideId "4239563"]
[BlackFideId "109860"]
[WhiteElo "2423"]
[BlackElo "2195"]
[Result "1-0"]
[Round "09"]
[TimeControl "180+2"]
[Date "2023.01.31"]
[WhiteClock "0:00:43"]
[BlackClock "0:00:01"]

1. e4 e6 2. d4 d5 3. Nc3 Bb4 4. Ne2 dxe4 5. a3 Be7 6. Nxe4 Nf6 7. Nxf6+ Bxf6 8. Be3 b6 9. Qd3 Bb7 10. O-O-O O-O 11. Rg1 Nd7 12. g4 Be7 13. g5 Rc8 14. Nc3 c5 15. d5 c4 16. Qe4 Nc5 17. Qg4 exd5 18. Bxc4 Ne6 19. Nxd5 Bxd5 20. Rxd5 Qc7 21. Bb3 Nc5 22. Bxc5 Bxc5 23. g6 Kh8 24. Rd7 Qxh2 25. gxf7 Qh6+ 26. Kb1 Bxf2 27. Rf1 Bc5 28. Rxa7 Rcd8 29. Rd7 Rxd7 30. Qxd7 Qe3 31. Qf5 Qe7 32. Rh1 h6 33. c3 Qe3 34. Bc2 1-0


[Site "https://www.chess.com"]

[Event "Titled Tuesday Blitz January 31 Early 2023"]
[White "Belov, Alexei"]
[Black "Shapiro, Viktor"]
[WhiteFideId "4128206"]
[BlackFideId "4175700"]
[WhiteElo "2421"]
[BlackElo "2192"]
[Result "0-1"]
[Round "09"]
[TimeControl "180+2"]
[Date "2023.01.31"]
[WhiteClock "0:00:44"]
[BlackClock "0:01:16"]

1. e4 Nf6 2. e5 Nd5 3. d4 d6 4. Nf3 Bg4 5. Be2 e6 6. c4 Nb6 7. exd6 cxd6 8. O-O Be7 9. Nc3 d5 10. c5 Bxf3 11. Bxf3 Nc8 12. Bf4 Nc6 13. a3 O-O 14. b4 Bf6 15. Be3 N8e7 16. b5 Na5 17. Be2 Nf5 18. Bd3 Nxd4 19. Bxd4 Bxd4 20. Bxh7+ Kxh7 21. Qxd4 Nb3 22. Qd3+ Kg8 23. Rac1 Nxc5 24. Qf3 Rc8 25. Rfd1 Qg5 26. g3 Nb3 27. Rc2 Qg6 28. Rb2 Nc5 29. h4 Rfd8 30. Rd4 Qf6 31. Rf4 Qe7 32. Re2 d4 33. Nd5 Qd6 34. Rxf7 Qxd5 35. Qg4 Kxf7 0-1


[Site "https://www.chess.com"]

[Event "Titled Tuesday Blitz January 31 Early 2023"]
[White "EREBUNI91"]
[Black "Devaev, Alexander"]
[BlackFideId "4169395"]
[WhiteElo "2542"]
[BlackElo "2325"]
[Result "1-0"]
[Round "09"]
[TimeControl "180+2"]
[Date "2023.01.31"]
[WhiteClock "0:00:10"]
[BlackClock "0:00:08"]

1. e4 c6 2. d4 d5 3. Nc3 dxe4 4. Nxe4 Bf5 5. Ng3 Bg6 6. h4 h6 7. Nf3 Nd7 8. h5 Bh7 9. Bd3 Bxd3 10. Qxd3 Qc7 11. Bd2 e6 12. O-O-O Ngf6 13. Ne4 O-O-O 14. g3 Nc5 15. Nxc5 Bxc5 16. Kb1 Bd6 17. c4 c5 18. Bc3 cxd4 19. Nxd4 a6 20. Qe2 Qc5 21. Nb3 Qf5+ 22. Ka1 Bc7 23. c5 Rxd1+ 24. Rxd1 Qxh5 25. Qf1 Rd8 26. Rxd8+ Bxd8 27. c6 b5 28. Nd4 Qd5 29. a4 Bb6 30. Nc2 Qb3 31. axb5 Qxc2 32. bxa6 Qa4+ 33. Kb1 Qe4+ 34. Ka1 Qa4+ 35. Kb1 Qxc6 36. Bxf6 gxf6 37. Qd3 f5 38. f3 Qd5 39. Qa3 Qd1+ 40. Ka2 Qd5+ 41. Kb1 Qc5 42. Qa4 Kd8 43. g4 fxg4 44. fxg4 Ke7 45. Qe4 Qg1+ 46. Ka2 Qd4 47. Qb7+ Kf6 48. Kb1 Kg6 49. Qc8 Qe4+ 50. Ka2 Qa4+ 51. Kb1 Qd1+ 52. Ka2 Qd5+ 53. Kb1 e5 54. Qg8+ Kf6 55. Qh8+ Kg5 56. Qg7+ Kf4 57. Qxh6+ Kxg4 58. Qxb6 Qd3+ 59. Ka2 Qc4+ 60. Ka3 Qd3+ 61. b3 Qb1 62. Kb4 Qe1+ 63. Kb5 Qe2+ 64. Kc6 Qc2+ 65. Kb7 e4 66. a7 e3 67. a8=Q Qe4+ 68. Qc6 Qb4+ 69. Kc7 Qf4+ 70. Qd6 e2 71. Qxf4+ Kxf4 72. Qa1 Ke3 73. Qe5+ Kd2 74. Qf4+ Kd1 75. Qd4+ Kc2 76. Qe4+ Kd1 77. Qd3+ Ke1 78. b4 1-0


[Site "https://www.chess.com"]

[Event "Titled Tuesday Blitz January 31 Early 2023"]
[White "Forgacs, Attila Jr."]
[Black "Ismagilov, Damir"]
[WhiteFideId "773654"]
[BlackFideId "34199982"]
[WhiteElo "2264"]
[BlackElo "2156"]
[Result "0-1"]
[Round "09"]
[TimeControl "180+2"]
[Date "2023.01.31"]
[WhiteClock "0:00:02"]
[BlackClock "0:00:47"]

1. e4 c6 2. d4 d5 3. Nd2 dxe4 4. Nxe4 g6 5. Nf3 Bg7 6. c3 Nf6 7. Nxf6+ exf6 8. Bd3 O-O 9. Be3 Nd7 10. Qd2 Nb6 11. h4 Bg4 12. O-O-O Bxf3 13. gxf3 h5 14. Bh6 Nd5 15. Rhg1 Kh7 16. Bxg7 Kxg7 17. f4 f5 18. Rg5 Qd6 19. Bxf5 Qxf4 20. Rdg1 Rae8 21. Bxg6 fxg6 22. Rxg6+ Kh7 23. R6g5 Rf6 24. Rxh5+ Rh6 25. Rhg5 Re7 26. Qxf4 Nxf4 27. R1g4 Nd3+ 28. Kc2 Nxf2 29. Rg2 Ne4 30. R5g4 Nf6 31. Rf4 Nd5 32. Rfg4 Ne3+ 0-1


[Site "https://www.chess.com"]

[Event "Titled Tuesday Blitz January 31 Early 2023"]
[White "Fiorito, Francisco"]
[Black "Gjestemoen-VonHirsch, Andre"]
[WhiteFideId "180165"]
[BlackFideId "1539531"]
[WhiteElo "2305"]
[BlackElo "2314"]
[Result "0-1"]
[Round "09"]
[TimeControl "180+2"]
[Date "2023.01.31"]
[WhiteClock "0:00:10"]
[BlackClock "0:00:14"]

1. g3 Nf6 2. Bg2 g6 3. e4 d6 4. d4 c5 5. c3 Bg7 6. Ne2 O-O 7. O-O Qb6 8. d5 e6 9. Na3 exd5 10. exd5 a6 11. Bf4 Qc7 12. Nc4 Rd8 13. a4 b6 14. Qc1 Bb7 15. Rd1 b5 16. axb5 axb5 17. Ne3 Nbd7 18. Rxa8 Rxa8 19. h4 Nb6 20. Bg5 Re8 21. Nf4 h6 22. Bxf6 Bxf6 23. h5 g5 24. Nh3 Qc8 25. Qc2 Rxe3 26. fxe3 Qg4 27. Rf1 Kg7 28. Qf2 Nd7 29. Qf3 Qxf3 30. Bxf3 Ne5 31. Be4 Nc4 32. b3 Nd2 33. Bg2 Nxf1 34. Bxf1 Bxc3 35. Bxb5 Bxd5 36. Bc4 Bxc4 37. bxc4 Be1 38. Kg2 Kf6 39. Kf3 Ke5 40. Ng1 Bd2 41. g4 f5 42. gxf5 Kxf5 43. Ne2 g4+ 44. Kf2 Ke4 45. Ng3+ Kd3 46. Nf5 Bxe3+ 47. Nxe3 g3+ 48. Kf3 g2 49. Nxg2 Kxc4 50. Ne3+ Kd3 51. Nf5 c4 52. Nxd6 c3 53. Nb7 c2 54. Nc5+ Kc4 55. Ne4 c1=Q 56. Nf2 Qc3+ 57. Kf4 Qf6+ 58. Kg3 Kd5 59. Nd3 Qg5+ 60. Kf3 Kd4 61. Nf4 Ke5 62. Nd3+ Kf5 63. Nf4 Qg4+ 64. Ke3 Qxf4+ 65. Ke2 Qg4+ 66. Kd2 Qxh5 67. Kd3 Qg5 68. Kc4 h5 69. Kb5 h4 70. Kc6 h3 71. Kd7 h2 72. Ke8 h1=Q 73. Kd7 Qd5+ 74. Ke8 Qgg8+ 75. Ke7 Qgf7# 0-1


[Site "https://www.chess.com"]

[Event "Titled Tuesday Blitz January 31 Early 2023"]
[White "Roux, Baptiste"]
[Black "Battlecruiser_Operational"]
[WhiteFideId "36017450"]
[WhiteElo "2300"]
[BlackElo "2422"]
[Result "1-0"]
[Round "09"]
[TimeControl "180+2"]
[Date "2023.01.31"]
[WhiteClock "0:01:40"]
[BlackClock "0:01:46"]

1. e4 e6 2. d4 d5 3. Bd3 c5 4. exd5 exd5 5. Nf3 Nc6 6. O-O Nf6 7. c3 c4 8. Bc2 Be7 9. Re1 O-O 10. h3 Re8 11. Nbd2 Bd6 12. b3 cxb3 13. axb3 Rxe1+ 14. Qxe1 Be6 15. b4 a6 16. Nb3 Qc7 17. Qd1 Re8 18. Ng5 Bc8 19. Bd2 h6 20. Nf3 Ne4 21. Nc5 1-0


[Site "https://www.chess.com"]

[Event "Titled Tuesday Blitz January 31 Early 2023"]
[White "Melikhov, Evgeny V."]
[Black "Borrmann, Laurenz"]
[WhiteFideId "4122046"]
[BlackFideId "312187930"]
[WhiteElo "2269"]
[BlackElo "2304"]
[Result "0-1"]
[Round "09"]
[TimeControl "180+2"]
[Date "2023.01.31"]
[WhiteClock "0:00:13"]
[BlackClock "0:00:05"]

1. d4 Nf6 2. c4 e6 3. Nc3 Bb4 4. Qc2 O-O 5. e4 d5 6. e5 Ne4 7. Bd3 c5 8. Nf3 cxd4 9. Nxd4 Nd7 10. Bf4 Qh4 11. g3 Qh5 12. O-O g5 13. cxd5 Bxc3 14. bxc3 exd5 15. Bxe4 dxe4 16. e6 Nf6 17. Bd6 Ng4 18. f3 exf3 19. Rxf3 Bxe6 20. Bxf8 Bd5 21. Ba3 Re8 22. Raf1 Bxf3 23. Rxf3 Re1+ 24. Rf1 Rxf1+ 25. Kxf1 Ne3+ 26. Kf2 Nxc2 27. Nxc2 Qxh2+ 28. Ke3 Qxc2 29. Bb4 Qxa2 30. Kf3 Qe6 31. g4 b6 32. Kg3 a5 33. Ba3 Qb3 34. Be7 Qxc3+ 35. Kg2 Qd2+ 36. Kf1 Qd1+ 37. Kf2 Qxg4 38. Bd8 Qf4+ 39. Kg2 Qe4+ 40. Kh3 Qd3+ 41. Kg4 Qxd8 42. Kh5 a4 43. Kh6 a3 0-1


[Site "https://www.chess.com"]

[Event "Titled Tuesday Blitz January 31 Early 2023"]
[White "Ansh M Shah"]
[Black "Defend, Balint"]
[WhiteFideId "25033379"]
[BlackFideId "17004853"]
[WhiteElo "2171"]
[BlackElo "1673"]
[Result "1-0"]
[Round "09"]
[TimeControl "180+2"]
[Date "2023.01.31"]
[WhiteClock "0:01:58"]
[BlackClock "0:01:25"]

1. d4 Nf6 2. c4 e6 3. g3 d5 4. Bg2 Be7 5. Nf3 O-O 6. O-O dxc4 7. Qc2 b5 8. a4 b4 9. Nbd2 a5 10. Nxc4 Bb7 11. b3 Nbd7 12. Bb2 c5 13. Rfd1 Be4 14. Qd2 Qc7 15. Rac1 Rfd8 16. Qe3 Qb7 17. dxc5 Bxc5 18. Bd4 Ng4 19. Qf4 Bxd4 20. Rxd4 Ngf6 21. Nd6 Qb6 22. Nxe4 e5 23. Nxf6+ 1-0


[Site "https://www.chess.com"]

[Event "Titled Tuesday Blitz January 31 Early 2023"]
[White "Andreev, Konstantin"]
[Black "Ezat, Mohamed"]
[WhiteFideId "24239305"]
[BlackFideId "10600906"]
[WhiteElo "2195"]
[BlackElo "2402"]
[Result "0-1"]
[Round "09"]
[TimeControl "180+2"]
[Date "2023.01.31"]
[WhiteClock "0:01:25"]
[BlackClock "0:00:15"]

1. e4 e5 2. Nf3 Nc6 3. Bc4 Nf6 4. d4 exd4 5. e5 d5 6. Bb5 Ne4 7. Nxd4 Bc5 8. O-O O-O 9. Bxc6 bxc6 10. Be3 Ba6 11. Re1 Qh4 12. f3 Ng5 13. f4 Ne4 14. Nc3 f5 15. Nxe4 fxe4 16. g3 Qh3 17. Nxc6 Bxe3+ 18. Rxe3 Rxf4 19. Qxd5+ Kh8 20. Ree1 Raf8 21. c4 Rf2 22. Qxe4 Qxh2# 0-1


[Site "https://www.chess.com"]

[Event "Titled Tuesday Blitz January 31 Early 2023"]
[White "Mushini Ajay"]
[Black "Veiga, Jose Francisco R P Neves"]
[WhiteFideId "35066188"]
[BlackFideId "1930087"]
[WhiteElo "2310"]
[BlackElo "2406"]
[Result "0-1"]
[Round "09"]
[TimeControl "180+2"]
[Date "2023.01.31"]
[WhiteClock "0:00:15"]
[BlackClock "0:00:23"]

1. e4 Nc6 2. d4 d5 3. e5 Bf5 4. Nf3 e6 5. Be2 f6 6. O-O Nh6 7. c4 dxc4 8. Bxc4 Nf7 9. exf6 Qxf6 10. d5 O-O-O 11. Nc3 Nce5 12. Nxe5 Nxe5 13. Bb3 Bc5 14. Be3 Bxe3 15. fxe3 Qg5 16. Qd4 Nc6 17. Qf4 Qxf4 18. Rxf4 Na5 19. e4 Bg6 20. dxe6 Rhe8 21. h4 a6 22. g4 Nxb3 23. axb3 Rxe6 24. h5 Be8 25. Nd5 Bc6 26. Rd1 Bxd5 27. Rxd5 Rxd5 28. exd5 Re5 29. Rf8+ Kd7 30. Rf7+ Re7 31. Rf5 Kd6 32. Kf2 Re5 33. h6 Rxf5+ 34. gxf5 gxh6 35. f6 c6 36. dxc6 bxc6 37. Kf3 Ke6 38. Kg4 Kxf6 39. Kh5 Ke5 40. b4 Kd5 41. b5 axb5 42. b4 c5 43. Kxh6 cxb4 44. Kxh7 b3 45. Kg6 b2 0-1


[Site "https://www.chess.com"]

[Event "Titled Tuesday Blitz January 31 Early 2023"]
[White "Vestby-Ellingsen, Mads"]
[Black "Alahakoon, Isuru"]
[WhiteFideId "1520857"]
[BlackFideId "9900993"]
[WhiteElo "2387"]
[BlackElo "1819"]
[Result "1-0"]
[Round "09"]
[TimeControl "180+2"]
[Date "2023.01.31"]
[WhiteClock "0:00:27"]
[BlackClock "0:00:03"]

1. e4 d5 2. exd5 Qxd5 3. Nc3 Qa5 4. g3 Nf6 5. Bg2 Bg4 6. f3 Bf5 7. Nge2 Nc6 8. d3 O-O-O 9. Be3 e5 10. O-O h5 11. a3 Bc5 12. Qd2 Qb6 13. Nd1 Nd5 14. Bf2 h4 15. g4 h3 16. Bh1 Be6 17. b4 Bxf2+ 18. Rxf2 Nd4 19. Nxd4 Qxd4 20. c3 Qb6 21. Nb2 Nf4 22. Re1 f6 23. Qc2 Rd7 24. Kf1 Rhd8 25. Rd2 Qa6 26. Red1 Bf7 27. Kf2 Bg6 28. Qc1 Bxd3 29. c4 Qb6+ 30. c5 Qa6 31. Qc3 g6 32. a4 e4 33. fxe4 1-0


[Site "https://www.chess.com"]